 Dungeon Sprint DCSS version 0.20-a0-641-g673355a (webtiles) character file.

5869 Kidiri the Eclecticist (level 10, -2/63 HPs)
             Began as a Deep Elf Fire Elementalist on Feb 13, 2017.
             Was a High Priest of Vehumet.
             Slain by a tyrant leech (19 damage)
             ... in the Dungeon (Sprint III: "The Ten Rune Challenge").
             The game lasted 00:10:55 (2072 turns).

Kidiri the Eclecticist (Deep Elf Fire Elementalist) Turns: 2072, Time: 00:10:55

Health: -2/63      AC:  3    Str:  3      XL:     10   Next: 52%
Magic:  19/31      EV: 18    Int: 23 (24) God:    Vehumet [*****.]
Gold:   29         SH:  0    Dex: 13 (15) Spells: 11/39 levels left

rFire    . . .     SeeInvis .   b - +0 dagger
rCold    . . .     Gourm    .   a - +0 robe
rNeg     . . .     Faith    .   (no shield)
rPois    .         Spirit   .   (helmet restricted)
rElec    .         Reflect  .   m - +0 cloak
rCorr    .         Harm     .   (no gloves)
MR       +....     NoTele   +   (no boots)
Stlth    ++........             j - amulet of rage
Regen    0.2/turn               (no ring)
MPRegen  0.3/turn               (no ring)

@: no status effects
A: horns 1, deterioration 1, screaming 1, weak 1
a: Renounce Religion, Evoke Berserk Rage


You were in the Dungeon.
You worshipped Vehumet.
Vehumet was extremely pleased with you.
You were not hungry.

You visited 1 branch You collected 29 gold pieces.

Inventory:

Hand Weapons
 b - a +0 dagger (weapon)
Armour
 a - a +0 robe (worn)
 m - a +0 cloak (worn)
Jewellery
 j - an amulet of rage (around neck)
Wands
 k - a wand of polymorph (14/24)
 w - a wand of polymorph (11/24)
Scrolls
 i - a scroll of blinking
 n - a scroll of holy word
 o - 3 scrolls of remove curse
 s - a scroll of immolation {unknown}
Potions
 f - a potion of haste
 g - 3 potions of magic
 h - a potion of berserk rage
 r - 2 potions of flight
 u - a potion of cancellation
Comestibles
 c - a bread ration
 l - 6 chunks of flesh


   Skills:
 + Level 7.1 Fighting
 + Level 7.5 Short Blades
 + Level 7.1 Armour
 + Level 10.5 Dodging
 - Level 2.4 Stealth
 * Level 15.2 Spellcasting
 + Level 9.5 Conjurations
 + Level 10.0 Fire Magic
 + Level 6.4 Ice Magic
 + Level 4.1 Poison Magic
 + Level 6.4 Evocations


You had 11 spell levels left.
You knew the following spells:

 Your Spells              Type           Power        Failure   Level  Hunger
a - Flame Tongue          Conj/Fire      #####        1%          1    None
b - Throw Flame           Conj/Fire      ######       1%          2    None
c - Conjure Flame         Conj/Fire      ######..     1%          3    None
d - Inner Flame           Hex/Fire       #####...     1%          3    None
e - Sticky Flame          Conj/Fire      ######..     1%          4    None
f - Fireball              Conj/Fire      ######....   1%          5    ##.....
g - Freeze                Ice            ####         1%          1    None
h - Throw Frost           Conj/Ice       ######       1%          2    None
i - Ignite Poison         Fire/Tmut/Pois #####...     1%          3    None
j - Olgreb's Toxic Radia  Pois           #####...     2%          4    None


Dungeon Overview and Level Annotations

Branches:
Dungeon (1/1)

Altars:
Cheibriados
Dithmenos
Elyvilon
Fedhas
Gozag
Hepliaklqana
Kikubaaqudgha
Makhleb
Nemelex Xobeh
Okawaru
Qazlal
Ru
Sif Muna
Trog
Uskayaw
Vehumet
Xom
Yredelemnul
Zin
The Shining One
Beogh
Jiyva
Lugonu


Innate Abilities, Weirdness & Mutations

You have a pair of small horns on your head.
Your body sometimes deteriorates upon taking damage.
You occasionally shout uncontrollably at your foes.
You are weak. (Str -2)


Message History

Aiming: Flame Tongue
Press: ? - help, Shift-Dir - straight line, f/p - tyrant leech
Aim: a tyrant leech (heavily wounded)
The flame tongue hits the tyrant leech.
The tyrant leech appears unharmed.
The tyrant leech is heavily wounded.
Casting: Flame Tongue
Confirm with . or Enter, or press ? or * to list all spells.
Aiming: Sticky Flame
Press: ? - help, Shift-Dir - straight line, f/p - tyrant leech
Aim: a tyrant leech (heavily wounded)
The sticky flame hits the tyrant leech.
The tyrant leech is heavily wounded.
The tyrant leech is covered in liquid flames!
The tyrant leech burns!
The tyrant leech bites you!!
* * * LOW HITPOINT WARNING * * *
Your body deteriorates!
You feel clumsy.
The tyrant leech draws strength from your injuries!
Unknown command.
You feel better.
The tyrant leech burns!
The tyrant leech bites you!!
You die...

....# ###'#
#...#+#####################
#...#..§≈§'.#.'...+.#.#.#.+
#...#)#§§§#.#.#...##.#.#.##
#...'.#§§§#.#.#)..#.#.#.#.#
+...#.#§§§#...#.).##.#.#.##
▓▓▓▓▓▓▓▓▓▓▓▓▓▓▓▓▓▓#.#.#.#.#
.†≈≈........≈≈≈w@.##.#.#.##
†♣≈≈≈≈≈≈≈≈≈≈≈≈♣♣P.+.#.#.#.#
...♣♣♣♣♣♣♣♣♣♣♣♣♣..##.#.#.##
w..♣ ♣♣♣##+##### +.♣♣ .# #


You could see a tyrant leech (burning).

Vanquished Creatures
  Erica (D)
  A centaur warrior (D)
  2 unseen horrors (D)
  A deep elf mage (D)
  2 spiny frogs (D)
  A rime drake (D)
  A komodo dragon (D)
  3 wandering mushrooms (D)
  A tyrant leech (D)
  A redback (D)
  A shadow (D)
  A spatial vortex (D)
  A swamp drake (D)
  2 centaurs (D)
  A necrophage (D)
  A water elemental (D)
  A jelly (D)
  Crazy Yiuf (D)
  A wizard (D)
  Jessica (D)
  A necromancer (D)
  3 humans (D)
  A kobold demonologist (D)
  An ooze (D)
  A rat (D)
32 creatures vanquished.

Vanquished Creatures (others)
  2 draconian scorchers (D)
  6 hellions (D)
  2 yaktaurs (D)
  4 plants (D)
14 creatures vanquished.

Grand Total: 46 creatures vanquished

Notes
Turn   | Place    | Note
-------+----------+-------------------------------------------
     0 | D        | Kidiri the Deep Elf Fire Elementalist began the quest for the Orb.
     0 | D        | Reached XP level 1. HP: 10/10 MP: 6/6
    65 | D        | Noticed Jessica
    68 | D        | Killed Jessica
    68 | D        | Reached skill level 1 in Fighting
    68 | D        | Reached skill level 1 in Armour
    68 | D        | Reached skill level 5 in Spellcasting
    68 | D        | Reached XP level 2. HP: 16/16 MP: 7/10
    68 | D        | Reached XP level 3. HP: 20/20 MP: 7/11
    70 | D        | Killed a yaktaur
    72 | D        | Learned a level 2 spell: Throw Flame
    73 | D        | Killed a hellion
    76 | D        | Learned a level 3 spell: Conjure Flame
    80 | D        | Learned a level 3 spell: Inner Flame
   102 | D        | Killed a hellion
   102 | D        | Killed a hellion
   141 | D        | Killed a hellion
   151 | D        | Killed a white draconian scorcher
   164 | D        | Killed a hellion
   168 | D        | Killed a hellion
   175 | D        | Killed a white draconian scorcher
   180 | D        | Noticed Crazy Yiuf
   187 | D        | Killed Crazy Yiuf
   187 | D        | Reached skill level 6 in Spellcasting
   187 | D        | Reached XP level 4. HP: 24/26 MP: 6/14
   219 | D        | Gained mutation: You are clumsy. (Dex -2) [potion of mutation]
   219 | D        | Gained mutation: You are partially covered in yellow scales. (AC +2) [potion of mutation]
   220 | D        | Lost mutation: You are clumsy. (Dex -2) [potion of mutation]
   220 | D        | Lost mutation: You are partially covered in yellow scales. (AC +2) [potion of mutation]
   220 | D        | Gained mutation: You are partially covered in iridescent scales. (AC +2) [potion of mutation]
   220 | D        | Gained mutation: You have sharp fingernails. [potion of mutation]
   220 | D        | Gained mutation: Your spells are a little easier to cast, but a little less powerful. [potion of mutation]
   220 | D        | Gained mutation: Your movements are slightly less encumbered by armour. (ER -2) [potion of mutation]
   221 | D        | Lost mutation: Your movements are slightly less encumbered by armour. (ER -2) [potion of mutation]
   221 | D        | Lost mutation: Your spells are a little easier to cast, but a little less powerful. [potion of mutation]
   221 | D        | Lost mutation: You have sharp fingernails. [potion of mutation]
   221 | D        | Gained mutation: Potions are less effective at restoring your health. [potion of mutation]
   221 | D        | Gained mutation: You are frail. (-10% HP) [potion of mutation]
   221 | D        | Gained mutation: You are resistant to hostile enchantments. (MR+) [potion of mutation]
   222 | D        | Lost mutation: You are partially covered in iridescent scales. (AC +2) [potion of mutation]
   222 | D        | Lost mutation: You are frail. (-10% HP) [potion of mutation]
   222 | D        | Lost mutation: You are resistant to hostile enchantments. (MR+) [potion of mutation]
   222 | D        | Lost mutation: Potions are less effective at restoring your health. [potion of mutation]
   222 | D        | Gained mutation: Your body sometimes deteriorates upon taking damage. [potion of mutation]
   222 | D        | Gained mutation: Your magical capacity is low. (-10% MP) [potion of mutation]
   222 | D        | Gained mutation: Your body often deteriorates upon taking damage. [potion of mutation]
   222 | D        | Gained mutation: You possess an exceptional clarity of mind. [potion of mutation]
   223 | D        | Lost mutation: You possess an exceptional clarity of mind. [potion of mutation]
   223 | D        | Lost mutation: Your magical capacity is low. (-10% MP) [potion of mutation]
   223 | D        | Lost mutation: Your body often deteriorates upon taking damage. [potion of mutation]
   223 | D        | Gained mutation: You are weak. (Str -2) [potion of mutation]
   223 | D        | Gained mutation: You occasionally shout uncontrollably at your foes. [potion of mutation]
   223 | D        | Gained mutation: You have a pair of small horns on your head. [potion of mutation]
   237 | D        | Learned a level 4 spell: Sticky Flame
   254 | D        | Noticed a water elemental
   258 | D        | Killed a water elemental
   258 | D        | Reached skill level 5 in Dodging
   258 | D        | Reached skill level 7 in Spellcasting
   258 | D        | Reached skill level 5 in Fire Magic
   258 | D        | Reached XP level 5. HP: 31/31 MP: 9/17
   265 | D        | Learned a level 5 spell: Fireball
   314 | D        | Found a radiant altar of Vehumet.
   315 | D        | Found a deep blue altar of Sif Muna.
   315 | D        | Found an ancient bone altar of Kikubaaqudgha.
   318 | D        | Reached skill level 8 in Spellcasting
   331 | D        | Became a worshipper of Vehumet
   405 | D        | Found a glowing silver altar of Zin.
   406 | D        | Found a glowing golden altar of the Shining One.
   406 | D        | Found a white marble altar of Elyvilon.
   406 | D        | Noticed a deep elf mage
   413 | D        | Killed a deep elf mage
   413 | D        | Reached skill level 10 in Spellcasting
   413 | D        | Reached XP level 6. HP: 19/39 MP: 8/21
   413 | D        | Reached XP level 7. HP: 21/44 MP: 8/23
   573 | D        | Found a hide-covered altar of Uskayaw.
   573 | D        | Found a roughly hewn altar of Beogh.
   573 | D        | Found an iron altar of Okawaru.
   573 | D        | Found a bloodstained altar of Trog.
   573 | D        | Noticed a human
   575 | D        | Noticed a human
   580 | D        | Killed a human
   580 | D        | Reached skill level 11 in Spellcasting
   586 | D        | Killed a human
   586 | D        | Reached * piety under Vehumet
   586 | D        | Offered knowledge of Freeze by Vehumet.
   586 | D        | Reached skill level 5 in Armour
   589 | D        | Learned a level 1 spell: Freeze
   694 | D        | Found a basalt altar of Yredelemnul.
   694 | D        | Found a shadowy altar of Dithmenos.
   694 | D        | Found a sacrificial altar of Ru.
   696 | D        | Reached skill level 5 in Fighting
   702 | D        | Reached skill level 1 in Ice Magic
   768 | D        | Reached ** piety under Vehumet
   768 | D        | Offered knowledge of Magic Dart by Vehumet.
   768 | D        | Reached skill level 1 in Evocations
   770 | D        | Noticed a shadow
   772 | D        | Killed a shadow
   772 | D        | Reached skill level 12 in Spellcasting
   772 | D        | Reached XP level 8. HP: 49/49 MP: 17/26
   825 | D        | Found a blossoming altar of Fedhas.
   825 | D        | Found a stormy altar of Qazlal.
   825 | D        | Found a snail-covered altar of Cheibriados.
   825 | D        | Found a burning altar of Makhleb.
   825 | D        | Found a shimmering altar of Xom.
   826 | D        | Found a hazy altar of Hepliaklqana.
   826 | D        | Found an opulent altar of Gozag.
   826 | D        | Found a sparkling altar of Nemelex Xobeh.
   826 | D        | Found a corrupted altar of Lugonu.
   826 | D        | Found a viscous altar of Jiyva.
   908 | D        | Noticed Erica
   918 | D        | HP: 1/49 [Erica/scimitar of flaming (5)]
   919 | D        | Killed Erica
   919 | D        | Offered knowledge of Throw Frost by Vehumet.
   919 | D        | Reached skill level 5 in Short Blades
   919 | D        | Reached skill level 13 in Spellcasting
   925 | D        | Learned a level 2 spell: Throw Frost
  1174 | D        | Noticed a centaur warrior
  1175 | D        | Reached *** piety under Vehumet
  1175 | D        | Reached XP level 9. HP: 55/55 MP: 22/28
  1182 | D        | Killed a centaur warrior
  1182 | D        | Offered knowledge of Ignite Poison by Vehumet.
  1187 | D        | Learned a level 3 spell: Ignite Poison
  1282 | D        | Killed a yaktaur
  1380 | D        | Noticed an unseen horror
  1382 | D        | Noticed an unseen horror
  1386 | D        | Killed an unseen horror
  1386 | D        | Reached skill level 14 in Spellcasting
  1386 | D        | Reached skill level 5 in Ice Magic
  1386 | D        | Reached skill level 1 in Poison Magic
  1387 | D        | Killed an unseen horror
  1387 | D        | Reached **** piety under Vehumet
  1387 | D        | Reached skill level 5 in Evocations
  1605 | D        | Noticed a wandering mushroom
  1615 | D        | Noticed a wandering mushroom
  1616 | D        | Killed a wandering mushroom
  1616 | D        | Offered knowledge of Iskenderun's Mystic Blast by Vehumet.
  1616 | D        | Reached XP level 10. HP: 61/61 MP: 27/30
  1645 | D        | Reached skill level 10 in Dodging
  1721 | D        | Noticed a spiny frog
  1721 | D        | Noticed a spiny frog
  1724 | D        | Killed a spiny frog
  1726 | D        | Killed a spiny frog
  1726 | D        | Reached ***** piety under Vehumet
  1751 | D        | Offered knowledge of Olgreb's Toxic Radiance by Vehumet.
  1751 | D        | Reached skill level 15 in Spellcasting
  1757 | D        | Learned a level 4 spell: Olgreb's Toxic Radiance
  1992 | D        | Reached skill level 10 in Fire Magic
  2072 | D        | Slain by a tyrant leech

Vault maps used:
D:        dungeon_sprint_mu

Skill      XL: |  1  2  3  4  5  6  7  8  9 10 |
---------------+-------------------------------+-----
Fighting       | 1 2 4 5 6 7 |  7.1
Armour         | 1 2 4 5 6 7 |  7.1
Dodging        | 3 4 5 7 8 9 10 | 10.5
Spellcasting   | 5 6 7 10 12 13 14 15 | 15.2
Conjurations   | 2 3 4 6 7 8 9 |  9.5
Fire Magic     | 4 5 7 8 9 10 | 10.0
Short Blades   | 3 4 5 6 7 |  7.5
Ice Magic      | 1 3 5 6 |  6.4
Evocations     | 1 3 5 6 |  6.4
Poison Magic   | 2 4 |  4.1
Stealth        | |  2.4

Action                   |  1- 3 |  4- 6 |  7- 9 | 10-12 || total
-------------------------+-------+-------+-------+-------++-------
Melee: Dagger            |       |       |     5 |     1 ||     6
 Cast: Flame Tongue      |    16 |    11 |    42 |    30 ||    99
       Throw Flame       |     1 |       |     4 |     6 ||    11
       Conjure Flame     |       |     1 |     3 |     1 ||     5
       Sticky Flame      |       |     3 |     8 |     4 ||    15
       Fireball          |       |       |     2 |     1 ||     3
  Use: Potion            |       |     5 |     1 |     1 ||     7
       Scroll            |       |     2 |       |       ||     2
 Stab: Sleeping          |       |       |     1 |       ||     1
  Eat: Fruit             |       |       |     3 |       ||     3
       Royal jelly       |       |       |     2 |       ||     2
Armor: Robe              |       |     1 |     2 |     1 ||     4
Dodge: Dodged            |     6 |     3 |    11 |     8 ||    28
